 Dungeon Crawl Stone Soup version 0.20-a0-809-gaf7f668 (webtiles) character file.

20497 theclanless the Cleaver (level 12, -11/75 HPs)
             Began as a Gargoyle Gladiator on Mar 2, 2017.
             Was a High Priest of Makhleb.
             Mangled by a freezing wraith (14 damage)
             ... on level 13 of the Dungeon.
             The game lasted 00:50:32 (10582 turns).

theclanless the Cleaver (Gargoyle Gladiator)       Turns: 10582, Time: 00:50:32

Health: -11/75     AC: 22    Str: 23    XL:     12   Next: 80%
Magic:  20/24      EV: 10    Int:  9    God:    Makhleb [*****.]
Gold:   214        SH: 14    Dex: 14    Spells: 11/11 levels left

rFire    . . .     SeeInvis +   a - +4 broad axe (holy)
rCold    . . .     Gourm    .   t - +1 chain mail
rNeg     + . .     Faith    .   I - +2 shield {AC+3}
rPois    ∞         Spirit   .   p - +2 helmet
rElec    +         Reflect  .   m - scarf {repulsion}
rCorr    .         Harm     .   P - +2 pair of gloves {Dex+3}
MR       .....                  (no boots)
Stlth    ..........             r - amulet of rage
Regen    0.3/turn               T - ring of magical power
MPRegen  0.2/turn               N - ring of see invisible

@: exhausted, corroded, flying, slowed, repel missiles, very slow
A: big wings, low mp 1, negative energy resistance 1, electricity resistance,
unbreathing, petrification resistance, rot immunity, AC +8
a: Stop Flying, Minor Destruction, Lesser Servant of Makhleb, Major Destruction,
Greater Servant of Makhleb, Renounce Religion, Evoke Berserk Rage


You were on level 13 of the Dungeon.
You worshipped Makhleb.
Makhleb was extremely pleased with you.
You were very hungry.

You visited 1 branch of the dungeon, and saw 13 of its levels.
You also visited: Sewer.

You collected 763 gold pieces.
You spent 549 gold pieces at shops.

Inventory:

Hand Weapons
 a - a +4 broad axe of holy wrath (weapon)
 b - a +3 trident of venom
 K - a +0 war axe
 V - the +9 staff of Olgreb {rPois}
   (You found it on level 7 of the Dungeon)

   It protects you from poison.
Missiles
 d - 3 throwing nets (quivered)
 v - 14 tomahawks
Armour
 c - a +0 cloak of magic resistance
 m - a scarf of repulsion (worn)
 p - a +2 helmet (worn)
 t - a +1 chain mail (worn)
 w - the cursed +0 ring mail of Impressiveness {rF+ Int+3 Stlth+}
   (You found it on level 11 of the Dungeon)

   It affects your intelligence (+3).
   It protects you from fire.
   It makes you more stealthy.
   It has a curse placed upon it.
 I - a +2 shield of protection (worn)
 J - a +1 leather armour of magic resistance
 P - a +2 pair of gloves of dexterity (worn)
 Q - a +2 robe of magic resistance
Jewellery
 h - an uncursed amulet of magic regeneration
 r - an amulet of rage (around neck)
 y - an uncursed ring of ice
 N - a ring of see invisible (left hand)
 T - a ring of magical power (right hand)
Wands
 l - a wand of flame (13/48)
 C - a wand of digging (10/24)
 L - a wand of clouds (9/9)
 O - a wand of random effects (14/48)
 R - a wand of acid (12/15)
 X - a wand of iceblast (4/15)
 Y - a wand of digging (12/24)
Scrolls
 e - a scroll of fog
 s - a scroll of immolation
 u - 7 scrolls of remove curse
 E - 4 scrolls of teleportation
 F - 2 scrolls of blinking
 H - a scroll of magic mapping
 S - a scroll of noise
 W - 2 scrolls of identify
Potions
 i - 5 potions of heal wounds
 k - 2 potions of curing
 n - a potion of brilliance
 o - 3 potions of haste
 x - 2 potions of resistance
 A - 2 potions of might
 B - a potion of flight
 D - a potion of magic
 M - 2 potions of berserk rage
 U - a potion of invisibility {unknown}
 Z - a potion of ambrosia {unknown}
Books
 j - a book of Cantrips

   Spells                             Type                      Level
   a - Confusing Touch                Hexes                        1
   b - Animate Skeleton               Necromancy                   1
   c - Summon Small Mammal            Summoning                    1
   d - Apportation                    Translocation                1
 G - the Compendium of Mutagenic Battle Magic
   (You found it on level 7 of the Dungeon)

   Spells                             Type                      Level
   a - Magic Dart                     Conjuration                  1
   b - Sting                          Conjuration/Poison           1
   c - Stone Arrow                    Conjuration/Earth            3
   d - Petrify                        Transmutation/Earth          4
   e - Bolt of Magma                  Conjuration/Fire/Earth       5
   f - Bolt of Fire                   Conjuration/Fire             6
Comestibles
 f - 6 bread rations
 g - 5 meat rations
 q - 6 royal jellies


   Skills:
 + Level 8.4 Fighting
 + Level 8.7 Axes
 + Level 7.3 Throwing
 + Level 7.5 Armour
 + Level 6.5 Dodging
 * Level 8.4 Shields
 + Level 7.1 Invocations
 + Level 6.0 Evocations


You had 11 spell levels left.
You didn't know any spells.

Dungeon Overview and Level Annotations

Branches:
Dungeon (13/15)            Temple (0/1) D:6            Lair (0/6) D:8
    Orc (0/2) D:12
 Vaults: D:13-14

Altars:
Ashenzari
Cheibriados
Gozag
Hepliaklqana
Makhleb
Ru
Sif Muna
Trog
Uskayaw
Vehumet
Xom
The Shining One

Shops:
D:6 }   D:10 }*(!*   D:11 [   D:13 ?

Annotations:
D:7 1 runed door


Innate Abilities, Weirdness & Mutations

You are resistant to torment.
Your stone body is resilient. (AC +8)
You are immune to poison.
You resist negative energy. (rN+)
You are resistant to electric shocks. (rElec)
You can survive without breathing.
You are immune to petrification.
You are immune to rotting.
Your large and strong wings let you fly indefinitely.
Your magical capacity is low. (-10% MP)


Message History

The fire dragon bites you.
The fire dragon claws you but does no damage.
The fire dragon barely misses you. The fire dragon bites you.
The fire dragon claws you!
The fire dragon tramples you but does no damage.
The freezing wraith barely misses you.
The freezing wraith hits you but does no damage.
Unknown command.
You hit the freezing wraith but do no damage.
You hit the brown ugly thing.
You hit the fire dragon but do no damage.
You barely miss the fire dragon.
The brown ugly thing tentacle-slaps you but does no damage.
The fire dragon breathes flames at you. The blast of flame hits you!
* * * LOW HITPOINT WARNING * * *
The freezing wraith hits you.
* * * LOW HITPOINT WARNING * * *
The freezing wraith freezes you!
You die...

#.. .... #.... #....#
#....# ### #.#
##4..$### ... ..#
##........ ### #.#
##W@..# #.####.uDD##
#.#....RW##
#######.......## #
........†....## #
#######....†######..#
###...............H.$%.
....####....#.....D.==.
##### #....##......#.Z#


You could see 2 fire dragons, a brown ugly thing, a rakshasa, 2 freezing wraiths
and a friendly orange demon.

Vanquished Creatures
  A sphinx (D:13)
  The ghost of Hiru the Geomancer, a journeyman FoEE of Okawaru (D:13)
  Snorg (D:12)
  An unseen horror (D:10)
  2 ugly things
  A deep elf mage (D:12)
  A cyclops (D:7)
  A centaur zombie (D:13)
  Psyche (D:9)
  A centaur skeleton (D:13)
  A kobold demonologist (D:9)
  A komodo dragon (D:10)
  2 trolls
  Grinder (D:6)
  3 slime creatures (D:12)
  2 hippogriffs (D:10)
  2 vampires
  4 wyverns
  5 yaks
  Eustachio (D:6)
  A wraith (D:13)
  3 hogs (D:8)
  2 hungry ghosts
  A human (D:8)
  5 vampire mosquitoes (D:12)
  An acid dragon (D:10)
  3 soldier ants (D:7)
  5 water moccasins
  5 orc warriors
  A black bear (D:7)
  4 ice beasts
  3 sky beasts
  A necrophage (D:9)
  4 phantoms
  An eye of draining (shapeshifter) (D:13)
  7 ogres
  12 centaurs
  A crocodile (D:9)
  A big kobold (D:12)
  9 bullfrogs
  The ghost of euglenas the Ducker, an amateur SpSk (D:3)
  2 gnoll sergeants
  2 scorpions
  3 water moccasin skeletons
  15 killer bees
  6 wights
  6 crimson imps
  2 bullfrog zombies
  A gnoll shaman (D:6)
  11 orc priests
  Crazy Yiuf (D:2)
  3 hounds
  6 jellies
  11 orc wizards
  3 bullfrog skeletons
  Jessica (D:2)
  3 iguanas
  11 worker ants
  A hound zombie (D:9)
  A hound skeleton (D:10)
  A worker ant zombie (D:5)
  Robin (D:2)
  17 gnolls
  12 adders
  4 shadow imps
  An adder skeleton (D:9)
  A worm (D:5)
  A dart slug (D:3)
  6 leopard geckos
  33 orcs
  4 ball pythons
  16 bats
  8 giant cockroaches
  10 hobgoblins
  24 jackals
  7 quokkas
  13 frilled lizards
  22 goblins
  2 jackal skeletons
  15 kobolds
  2 leopard gecko zombies (D:6)
  2 quokka skeletons
  5 rats
  A plant (Sewer)
401 creatures vanquished.

Vanquished Creatures (collateral kills)
  A deep elf mage (D:12)
  A hippogriff (D:12)
  An orc warrior (D:12)
  A shadow imp (D:12)
  3 orcs (D:12)
  A goblin (D:12)
  3 kobolds (D:12)
11 creatures vanquished.

Grand Total: 412 creatures vanquished

Notes
Turn   | Place    | Note
-------+----------+-------------------------------------------
     0 | D:1      | theclanless the Gargoyle Gladiator began the quest for the Orb.
     0 | D:1      | Reached XP level 1. HP: 12/12 MP: 1/1
   112 | D:1      | Reached XP level 2. HP: 3/18 MP: 2/2
   613 | D:1      | Reached XP level 3. HP: 22/22 MP: 3/3
   684 | D:1      | Reached skill level 1 in Armour
  1042 | D:2      | Noticed Jessica
  1051 | D:2      | Killed Jessica
  1051 | D:2      | Reached XP level 4. HP: 18/27 MP: 4/4
  1186 | D:2      | Noticed Robin
  1198 | D:2      | Killed Robin
  1273 | D:2      | Found a glowing golden altar of the Shining One.
  1362 | D:2      | Reached XP level 5. HP: 31/31 MP: 5/5
  1367 | D:2      | Found a shimmering altar of Xom.
  1719 | D:2      | Found a runed door.
  1723 | D:2      | Noticed Crazy Yiuf
  1730 | D:2      | Killed Crazy Yiuf
  1772 | D:3      | Noticed euglenas's ghost (amateur SpSk)
  1966 | D:3      | Killed euglenas's ghost
  1966 | D:3      | Reached XP level 6. HP: 23/37 MP: 6/6
  2850 | D:4      | Found a snail-covered altar of Cheibriados.
  2916 | D:4      | Noticed a sky beast
  2933 | D:4      | Killed a sky beast
  2933 | D:4      | Reached XP level 7. HP: 29/41 MP: 7/7
  2939 | D:4      | Found a bloodstained altar of Trog.
  3066 | D:4      | Reached skill level 1 in Evocations
  3200 | D:5      | Entered Level 5 of the Dungeon
  3252 | D:5      | Found a burning altar of Makhleb.
  3252 | D:5      | Noticed a green death
  3255 | D:5      | Noticed a smoke demon
  3255 | D:5      | Noticed a neqoxec
  3257 | D:5      | Became a worshipper of Makhleb the Destroyer
  3481 | D:5      | Reached skill level 5 in Axes
  3605 | D:5      | Found a hide-covered altar of Uskayaw.
  3783 | D:5      | Reached skill level 1 in Invocations
  3898 | D:6      | Noticed Grinder
  3906 | D:6      | Killed Grinder
  3906 | D:6      | Reached XP level 8. HP: 48/48 MP: 9/9
  3934 | D:6      | Reached * piety under Makhleb
  4057 | D:6      | Found Mujo's Gadget Shop.
  4103 | D:6      | Found a glowing drain.
  4128 | Sewer    | Entered a sewer
  4460 | Sewer    | Reached ** piety under Makhleb
  4811 | D:6      | Reached skill level 5 in Fighting
  4811 | D:6      | Reached XP level 9. HP: 13/54 MP: 9/11
  4884 | D:6      | Found a staircase to the Ecumenical Temple.
  4906 | D:6      | Found a deep blue altar of Sif Muna.
  5147 | D:6      | Noticed Eustachio
  5163 | D:6      | Killed Eustachio
  5167 | D:6      | Found an opulent altar of Gozag.
  5599 | D:7      | Noticed a cyclops
  5608 | D:7      | Killed a cyclops
  5608 | D:7      | Reached skill level 5 in Throwing
  5646 | D:7      | Identified the Compendium of Mutagenic Battle Magic
  5799 | D:7      | Reached skill level 5 in Armour
  5799 | D:7      | Reached XP level 10. HP: 53/60 MP: 13/13
  5868 | D:7      | Found a runed gate.
  5869 | D:7      | Found a runed door.
  5883 | D:7      | Reached skill level 1 in Shields
  5892 | D:7      | Found a runed gate.
  5892 | D:7      | Found a runed gate.
  5897 | D:7      | Found a runed door.
  5920 | D:7      | Reached skill level 5 in Dodging
  5948 | D:7      | Reached *** piety under Makhleb
  6228 | D:7      | Found a hazy altar of Hepliaklqana.
  6417 | D:8      | Found a staircase to the Lair.
  6499 | D:8      | Found a radiant altar of Vehumet.
  6679 | D:8      | Found a shattered altar of Ashenzari.
  6734 | D:8      | Reached skill level 5 in Invocations
  6796 | D:8      | Found an opulent altar of Gozag.
  6878 | D:8      | Found a burning altar of Makhleb.
  7225 | D:9      | Noticed a kobold demonologist
  7234 | D:9      | Reached **** piety under Makhleb
  7237 | D:9      | Killed a kobold demonologist
  7237 | D:9      | Reached XP level 11. HP: 66/66 MP: 13/15
  7283 | D:9      | Reached skill level 5 in Shields
  7298 | D:9      | Noticed Psyche
  7311 | D:9      | Killed Psyche
  7515 | D:9      | Found a sacrificial altar of Ru.
  7677 | D:10     | Entered Level 10 of the Dungeon
  7678 | D:10     | Found Piklicet's General Store.
  7703 | D:10     | Noticed an unseen horror
  7718 | D:10     | Killed an unseen horror
  7823 | D:10     | Found Sulaun Xeivu's General Store.
  7834 | D:10     | Bought a +2 pair of gloves of dexterity for 258 gold pieces
  8112 | D:10     | Found Fenesch's Distillery.
  8257 | D:10     | Reached ***** piety under Makhleb
  8385 | D:10     | Reached skill level 5 in Evocations
  8423 | D:10     | Found Ojyupn's Gadget Shoppe.
  8625 | D:10     | Found Asoad's Antique Weapon Emporium.
  8852 | D:11     | Found Ozxoidd's Armour Emporium.
  8989 | D:11     | Noticed a red ugly thing
  9001 | D:11     | Killed a red ugly thing
  9270 | D:11     | Got a slimy ring mail
  9271 | D:11     | Identified the cursed +0 ring mail of Impressiveness {rF+ Int+3 Stlth+} (You found it on level 11 of the Dungeon)
  9635 | D:12     | Noticed a deep elf mage
  9639 | D:12     | Reached XP level 12. HP: 68/73 MP: 16/16
  9674 | D:12     | Found a staircase to the Orcish Mines.
  9782 | D:12     | Noticed Snorg
  9803 | D:12     | Killed Snorg
 10413 | D:13     | Noticed Hiru's ghost (journeyman FoEE)
 10431 | D:13     | Killed Hiru's ghost
 10491 | D:13     | Found Ciattize's Magic Scroll Boutique.
 10496 | D:13     | Bought a scroll of enchant weapon for 97 gold pieces
 10496 | D:13     | Bought a scroll of enchant weapon for 97 gold pieces
 10496 | D:13     | Bought a scroll of enchant weapon for 97 gold pieces
 10550 | D:13     | Gained mutation: Your magical capacity is low. (-10% MP) [mutagenic meat]
 10551 | D:13     | Gained mutation: Your spells are a little harder to cast, but a little more powerful. [mutagenic meat]
 10552 | D:13     | Gained mutation: Your large and strong wings let you fly indefinitely. [mutagenic meat]
 10554 | D:13     | Lost mutation: Your spells are a little harder to cast, but a little more powerful. [mutagenic meat]
 10559 | D:13     | Noticed a sphinx
 10560 | D:13     | Noticed a fire dragon
 10572 | D:13     | Killed a sphinx
 10579 | D:13     | Noticed a rakshasa
 10582 | D:13     | HP: 3/75 [freezing wraith (3)]
 10582 | D:13     | Mangled by a freezing wraith

Vault maps used:
D:1:      minmay_arrival_radiant_lines, minivault_24
D:2:      minmay_wonky_spiral, tgw_xom, tso_oasis_becter,
          uniq_crazy_yiuf_cottage, uniq_robin, uniq_jessica
D:3:      nrook_mini_backslash, serial_bayou_pond_e
D:4:      kennysheep_mini_moat, bloody_trog, first_bread
D:5:      eat_drink_and_be_merry_uskayaw, makhleb_altar_promises_db
D:6:      lemuel_round_altar, minmay_temple_entry_from_below_b,
          gup_sewer_entry_pipe, basic_altar, serial_shops, shop, uniq_grinder,
          uniq_eustachio
D:7:      marbit_many_paths, minmay_strange_pillars,
          minmay_guarded_unrand_staff_of_olgreb
D:8:      lemuel_doored_altar, kennysheep_little_box, lemuel_round_altar,
          lair_entry_dummy, grunt_livestock, nicolae_gozag_seed_capital
D:9:      lemuel_coloured_pillars_altar, uniq_psyche
D:10:     serial_shops, nicolae_shop_behind_doors, nicolae_shop_statue_plus,
          nicolae_shop_trees, shop, shop, st_stairs_13, lightli_fourway_metalbox
D:11:     serial_shops, shop, kennysheep_decorative_pillar, eino_tiny_chamber
D:12:     erik_orc_4, serial_co_window_serial, co_window_cross_1,
          co_window_of_opportunity_a, co_window_corner_a, co_window_paths_a,
          co_window_paths_b, co_window_corner_b, co_window_broadway_a,
          co_window_paths_c, co_window_corner_b, co_window_of_opportunity_b,
          glass_columns_c, uniq_snorg
D:13:     minmay_outward_triangles, serial_shops, shop, uniq_rupert
Sewer:    sewer_co_scattered_pipes

Skill      XL: |  1  2  3  4  5  6  7  8  9 10 11 12 |
---------------+-------------------------------------+-----
Throwing       | 2 3 4 5 6 7 |  7.3
Axes           | 3 4 5 6 7 8 |  8.7
Armour         | 1 2 3 4 5 6 7 |  7.5
Fighting       | 3 4 5 6 7 8 |  8.4
Dodging        | 3 4 5 6 |  6.5
Evocations     | 1 2 3 4 5 6 |  6.0
Invocations    | 1 2 4 5 6 7 |  7.1
Shields        | 4 6 8 |  8.4

Action                   |  1- 3 |  4- 6 |  7- 9 | 10-12 || total
-------------------------+-------+-------+-------+-------++-------
Melee: War axe           |    83 |   226 |   426 |    54 ||   789
       Trident           |       |       |    40 |   177 ||   217
       Broad axe         |       |       |       |   479 ||   479
Throw: Throwing net      |       |     3 |       |       ||     3
Invok: Minor Destruction |       |       |       |     7 ||     7
       Lesser Servant of |       |       |       |     2 ||     2
 Abil: Evoke Berserk Rag |       |       |     1 |     3 ||     4
       Fly               |       |       |       |     1 ||     1
  Use: Scroll            |     3 |     6 |     5 |    15 ||    29
       Potion            |       |     1 |     1 |     1 ||     3
 Stab: Distracted        |       |       |       |     1 ||     1
  Eat: Chunk             |       |     7 |    12 |    22 ||    41
       Royal jelly       |       |       |       |     1 ||     1
Armor: Leather armour    |    42 |   113 |    10 |       ||   165
       Chain mail        |       |       |   323 |   592 ||   915
Dodge: Dodged            |    73 |   187 |   262 |   345 ||   867
       Deflected         |       |     3 |     2 |    14 ||    19
Block: Shield            |       |       |    11 |   635 ||   646
